Unix NetHack Version 3.7.0-102 Work-in-progress - last build Apr 7 2024 00:22:53 (d302a6a9ff6341f1a922d8f5af178406b35fdf99,branch:master). Game began 2024-04-20 22:55:03, ended 2024-04-20 23:15:48. Merlek, neutral male human Priest -------- |......| -------- ###.......| ----------- ##########.......| ## |.......# |.<.......|#### |......| ------ ----- # --------# |.........|# |.....%| #@a.'...| |...| # # +.........|# .......| |....| |....## # #--.----+---# |.......# |....| |...|0############################## --------# #-....| |....### # # # # ## ###|..{.| ----- # # # # ------ # # # ### # # # # # # ### # # # #----- # #-----# #|...|## #|...|# #|...|# #..^.-# #.....# ----- ----- Merlek the Adept St:13 Dx:14 Co:17 In:11 Wi:14 Ch:9 Neutral Dlvl:5 $:135 HP:0(63) Pw:70(70) AC:-2 Xp:7/825 T:3100 Hungry Latest messages: a - a blessed +1 mace (alternate weapon; not wielded). You have a little trouble lifting 11 gold pieces. Continue? [ynq] (q) $ - 11 gold pieces (118 in total). What do you want to drop? [$a-fijl-nuwxzA-FH-P or ?*] You drop an uncursed egg. You find a hidden door. The door resists! The door opens. $ - 17 gold pieces (135 in total). You begin bashing monsters with your bare hands. You miss the rope golem. You hit the rope golem. You hit the rope golem. The rope golem misses! The rope golem misses! You hit the rope golem. You are beginning to feel hungry. You hit the rope golem. The rope golem hits! The rope golem just misses! The soldier ant bites! The soldier ant stings! You miss the rope golem. The rope golem hits! The rope golem misses! The soldier ant bites! The soldier ant stings! The soldier ant bites! The soldier ant stings! The soldier ant bites! The soldier ant misses! The soldier ant bites! The soldier ant misses! The soldier ant misses! The soldier ant stings! The soldier ant just misses! The soldier ant stings! The soldier ant misses! The soldier ant misses! You miss the soldier ant. The soldier ant misses! The soldier ant stings! The soldier ant bites! The soldier ant stings! You miss the soldier ant. The soldier ant misses! The soldier ant misses! The soldier ant bites! You die... Do you want your possessions identified? [ynq] (n) Inventory: Coins $ - 135 gold pieces Weapons A - 6 uncursed +0 darts w - a blessed +0 aklys a - a blessed +1 mace (alternate weapon; not wielded) Armor F - a blessed rustproof +0 dwarvish iron helm (being worn) l - a blessed +0 pair of water walking boots (being worn) c - an uncursed +0 small shield (being worn) b - an uncursed +0 robe (being worn) u - an uncursed +0 splint mail (being worn) Comestibles e - an uncursed clove of garlic O - an uncursed fortune cookie f - 2 uncursed sprigs of wolfsbane J - an uncursed tripe ration Scrolls i - an uncursed scroll of confuse monster K - a blessed scroll of destroy armor n - an uncursed scroll of earth m - an uncursed scroll of light M - an uncursed scroll of magic mapping C - an uncursed scroll of scare monster Potions L - an uncursed potion of restore ability d - 2 potions of holy water Wands E - an uncursed wand of digging (0:7) N - an uncursed wand of digging (0:5) z - an uncursed wand of lightning (0:6) P - an uncursed wand of secret door detection (0:11) D - an uncursed wand of teleportation (0:7) Tools x - an uncursed +0 pick-axe B - an uncursed tin opener I - an uncursed tin whistle Gems/Stones j - an uncursed worthless piece of yellowish brown glass Merlek the Priest's attributes: Background: You were an Adept, a level 7 human Priest. You were neutral, on a mission for Mog who was opposed by Issek (lawful) and Kos (chaotic). You were right-handed. You were in the Dungeons of Doom, on level 5. You entered the dungeon 3100 turns ago. It was nighttime. You had 825 experience points, 455 more were needed to attain level 8. Basics: You had 0 out of 63 hit points. You had all 70 energy points (spell power). Your armor class was -2. Your wallet contained 135 zorkmids. Autopickup was on for '$=?"/!%' plus thrown, with exceptions. Final Characteristics: Your strength was 13 (limit:18/100). Your dexterity was 14 (limit:18). Your constitution was 17 (limit:18). Your intelligence was 11 (limit:18). Your wisdom was 14 (limit:18). Your charisma was 9 (limit:18). Final Status: You were hungry. You were unencumbered. You were bare handed. You were unskilled in bare handed combat. Final Attributes: You were piously aligned. You could walk on water. You were guarded. You are dead. Miscellaneous: You never encountered a bones level. Total elapsed playing time was 20 minutes and 45 seconds. Major events: Turn 1: Merlek the neutral human Priest entered the dungeon 840: entered the Gnomish Mines 976: attained the rank of Acolyte (level 3) 1510: reached Mine Town 1603: attained the rank of Adept (level 6) 3100: killed by a soldier ant Vanquished creatures: a dingo 2 fire ants an orc shaman 8 gnome leaders a gnomish wizard a giant ant 10 dwarves 2 rothes a giant bat 7 killer bees a coyote a hobgoblin a cave spider 32 gnomes 4 geckos a jackal a fox a kobold a goblin 3 grid bugs 5 newts 85 creatures vanquished. No species were genocided or became extinct. Voluntary challenges: You were illiterate. You never engraved Elbereth. You never had a pet. You never genocided any monsters. You never polymorphed an object. You never changed form. You used no wishes. Achievements: You entered the Gnomish Mines. You entered a shop. You attained the rank of Acolyte. You entered Minetown. You attained the rank of Adept. You entered a temple. The Dungeons of Doom: levels 1 to 5 Level 1: A fountain. Level 2: A grave. Level 3: Some fountains, a grave. Stairs down to The Gnomish Mines. Level 4: Level 5: <- You were here. A sink. Final resting place for you, killed by a soldier ant. The Gnomish Mines: levels 4 to 7 Level 4: Level 5: Level 6: Level 7: A temple and an altar, some fountains, some trees. Game over: ---------- / \ / REST \ / IN \ / PEACE \ / \ | Merlek | | 135 Au | | killed by a | | soldier ant | | | | | | 2024 | *| * * * | * _________)/\\_//(\/(/\)/\//\/|_)_______ Goodbye Merlek the Priest... You died in The Dungeons of Doom on dungeon level 5 with 3752 points, and 135 pieces of gold, after 3100 moves. You were level 7 with a maximum of 63 hit points when you died.